 Seeded DCSS version 0.31-a0-210-gccc998df9b (webtiles) character file.

Game seed: 8113056780134302019 (custom seed)

564 innerfire43 the Merchant of Misery (level 7, -2/54 HPs)
             Began as a Demonspawn Monk on June 30, 2023.
             Was a Believer of Kikubaaqudgha.
             Slain by an ogre
             ... wielding a +0 giant spiked club
              (33 damage)
             ... on level 5 of the Dungeon.
             The game lasted 00:06:21 (3038 turns).

innerfire43 the Merchant of Misery (DsMo)           Turns: 3038, Time: 00:06:23

Health: -2/54      AC:  7    Str: 13    XL:     7   Next: 10%
Magic:  7/7        EV:  8    Int: 12    God:    Kikubaaqudgha [**....]
Gold:   169        SH: 11    Dex: 15    Spells: 5/6 levels left

rFire   + . .        m - staff of death
rCold   . . .        j - +0 tower shield
rNeg    + . .        y - +1 robe {Will+}
rPois   .            g - +0 helmet
rElec   .            t - +0 cloak
rCorr   .            (no gloves)
SInv    .            (no boots)
Will    ++...        e - amulet "Kar Poe" {Will+ Regen+ Slay+5}
Stlth   +            n - ring of protection from fire
HPRegen 1.09/turn    (no ring)
MPRegen 0.10/turn

%: no passive effects
@: no status effects
A: thin metallic scales 1, demonic guardian 1, demonic touch 2
a: Renounce Religion, Unearth Wretches


You were on level 5 of the Dungeon.
You worshipped Kikubaaqudgha.
Kikubaaqudgha was pleased with you.
You visited 1 branch of the dungeon, and saw 5 of its levels.

You collected 169 gold pieces.

Inventory:

Hand Weapons
 a - a +0 spear
Armour
 b - a +0 robe
 d - an orb of light
 g - a +0 helmet (worn)
 j - a +0 tower shield (worn)
 t - a +0 cloak (worn)
 y - a +1 robe of willpower (worn)
Magical Staves
 m - a staff of death (weapon)
Jewellery
 e - the amulet "Kar Poe" (around neck) {Will+ Regen+ Slay+5}
   (You acquired it on level 1 of the Dungeon)

   [amulet of regeneration]

   Slay:      It affects your accuracy & damage with ranged weapons and melee
   (+5).
   Regen:     It increases your rate of health regeneration.
   Will:      It increases your willpower.
 k - a ring of see invisible
 n - a ring of protection from fire (left hand)
 o - a ring of ice
Scrolls
 f - 2 scrolls of vulnerability {unknown}
 h - 3 scrolls of fog {unknown}
 i - 3 scrolls of teleportation {unknown}
 l - a scroll of amnesia {unknown}
 q - a scroll of blinking {unknown}
 s - a scroll of enchant weapon {unknown}
 u - a scroll of torment {unknown}
 x - a scroll of identify {unknown}
Potions
 c - a potion of ambrosia
 p - a potion of heal wounds
 r - a potion of degeneration {unknown}
 v - a potion of attraction {unknown}
 w - a potion of enlightenment {unknown}
 z - 2 potions of resistance {unknown}
 A - a potion of haste {unknown}


   Skills:
 - Level 4.0 Fighting
 - Level 3.5 Polearms
 - Level 0.2(2.1) Staves
 - Level 3.5 Dodging
 * Level 4.4 Necromancy
 * Level 4.0 Evocations


You had 5 spell levels left.
You knew the following spells:

 Your Spells              Type           Power      Damage    Failure   Level
a - Necrotise             Necr           64%        1d7       80%         1

Your spell library contained the following spells:

 Spells                   Type           Power      Damage    Failure   Level
 Sublimation of Blood     Necr           16%        N/A       91%         2
 Cigotuvi's Dreadful Rot  Necr/Pois/Air  10%        N/A       100%        2
 Ensorcelled Hibernation  Hex/Ice        0%         N/A       100%        2
 Poisonous Vapours        Pois/Air       0%         N/A       100%        2
 Mephitic Cloud           Conj/Pois/Air  0%         N/A       100%        3
 Spider Form              Tmut/Pois      0%         N/A       100%        3
 Anguish                  Hex/Necr       4%         N/A       100%        4
 Animate Dead             Necr           16%        N/A       100%        4
 Freezing Cloud           Conj/Ice/Air   0%         6-21      100%        5


Dungeon Overview and Level Annotations

Branches:
Dungeon (5/15)
 Temple: D:4-7

Altars:
Kikubaaqudgha

Shops:
D:1 ?


Innate Abilities, Weirdness & Mutations

You are partially covered in thin metallic scales. (AC +2)
A weak demonic guardian rushes to your aid.
Your touch may inflict irresistible damage on your foes.


Message History

You hit the iguana!
The iguana is almost dead.
You block the iguana's attack. The iguana closely misses you.
An iguana is nearby!
You barely miss the iguana.
The iguana is almost dead.
The iguana bites you but does no damage.
The iguana bites you.
An iguana is nearby!
You hit the iguana.
You kill the iguana!
Kikubaaqudgha accepts your kill.
Your Evocations skill increases to level 4!
You pick up a book of Vapours and begin reading...
You add the spells Poisonous Vapours, Mephitic Cloud and Freezing Cloud to your library.
No target in view!
Found a stone staircase leading up.
No target in view!
An ogre comes into view. It is wielding a +0 giant spiked club.
The ogre shouts!
A black bear comes into view.
There are monsters nearby!
There are monsters nearby!
There are monsters nearby!
You hit the ogre.
The ogre writhes in agony.
The ogre is moderately wounded.
You block the ogre's attack.
There are monsters nearby!
You hit the ogre.
The ogre writhes in agony.
The ogre is moderately wounded.
You block the ogre's attack.
You hit the ogre.
The ogre is heavily wounded.
The ogre hits you with a +0 giant spiked club!!
The black bear barely misses you. x2
The black bear claws you but does no damage.
The ogre hits you with a +0 giant spiked club!!
Ouch! That really hurt!
You die...
Kikubaaqudgha rasps: "You have failed me!
Welcome... death!"

###.#..................
....#.....†..##......#
.##.#..##............#
..#.#†.##............##.
..#.#.....#..#.#........
.......####..#........#
.##......##..#.#.#..#.##
.##......##..#..........
###.......#..#..@..##..#
#.......##.#.#Oh......
###......#.#.#......#.
#......>.#.#.#....#
....... #.#.#......
....... #......##
####..... .####


You could see a black bear and an ogre.

Vanquished Creatures
  Grinder (D:3)
  A water moccasin (D:5)
  A howler monkey (D:4)
  2 iguanas
  A gnoll (D:1)
  8 adders
  An ufetubus (D:5)
  2 worms (D:2)
  4 dart slugs
  3 orcs (D:3)
  10 bats
  6 endoplasms
  5 giant cockroaches
  7 goblins
  A hobgoblin (D:3)
  6 kobolds
  A quokka (D:1)
  9 ball pythons
  A frilled lizard (D:3)
  3 rats
73 creatures vanquished.

Notes
Turn   | Place    | Note
-------+----------+-------------------------------------------
     0 | D:1      | innerfire43 the Demonspawn Monk began the quest for the
                  | Orb.
     0 | D:1      | Reached XP level 1. HP: 18/18 MP: 1/1
    72 | D:1      | Gained mutation: Your touch may inflict minor irresistible
                  | damage on your foes. [demonic ancestry]
    72 | D:1      | Reached XP level 2. HP: 23/24 MP: 2/2
   250 | D:1      | Reached XP level 3. HP: 8/29 MP: 3/3
   395 | D:1      | Identified a scroll of acquirement
   395 | D:1      | Acquired the amulet "Kar Poe" {Will+ Regen+ Slay+5}
   432 | D:1      | Found Ponycs's Magic Scroll Shop.
   717 | D:2      | Gained mutation: You are partially covered in thin metallic
                  | scales. (AC +2) [demonic ancestry]
   717 | D:2      | Reached XP level 4. HP: 18/37 MP: 4/4
  1401 | D:3      | Acquired a staff of death
  1743 | D:3      | Reached skill level 1 in Necromancy
  1750 | D:3      | Noticed Grinder
  1767 | D:3      | Paralysed by Grinder for 4 turns
  1788 | D:3      | Killed Grinder
  1789 | D:3      | Gained mutation: Your touch may inflict irresistible damage
                  | on your foes. [demonic ancestry]
  1789 | D:3      | Reached XP level 5. HP: 33/42 MP: 5/5
  1789 | D:3      | Reached XP level 6. HP: 38/48 MP: 6/6
  2197 | D:4      | Found an ancient bone altar of Kikubaaqudgha.
  2914 | D:4      | Became a worshipper of Kikubaaqudgha
  2914 | D:4      | Reached * piety under Kikubaaqudgha
  2914 | D:4      | Received a gift from Kikubaaqudgha
  2914 | D:4      | Reached ** piety under Kikubaaqudgha
  2917 | D:4      | Learned a level 1 spell: Necrotise
  2931 | D:5      | Entered Level 5 of the Dungeon
  2933 | D:5      | Noticed a water moccasin
  2951 | D:5      | Killed a water moccasin
  2952 | D:5      | Gained mutation: A weak demonic guardian rushes to your
                  | aid. [demonic ancestry]
  2952 | D:5      | Reached XP level 7. HP: 30/54 MP: 7/7
  3038 | D:5      | Slain by an ogre

Illustrated notes

Levels and vault maps discovered:
D:1:      roderic_crossed_star, layout_rooms, serial_shops, nicolae_diamond_shop
D:2:      layout_loops_cross
D:3:      layout_basic, uniq_grinder
D:4:      layout_basic, zin_academy, kennysheep_mini
D:5:      layout_basic, kennysheep_mini_moat, grunt_decor_one_mirror,
          kennysheep_generic_room_9

Skill      XL: |  1  2  3  4  5  6  7 |
---------------+----------------------+-----
Polearms       | 3 |  3.5
Dodging        | 3 |  3.5
Fighting       | 4 |  4.0
Necromancy     | 3 4 |  4.4
Evocations     | 2 3 4 |  4.0
Staves         | |  0.2

Action                     |  1- 3 |  4- 6 |  7- 9 || total
---------------------------+-------+-------+-------++-------
  Melee: Spear             |    75 |    30 |       ||   105
         Staff             |       |   111 |    24 ||   135
    Use: Scroll            |     1 |     1 |       ||     2
         Potion            |       |     2 |       ||     2
   Stab: Sleeping          |       |     2 |       ||     2
 Armour: Robe              |    10 |    52 |    18 ||    80
  Dodge: Dodged            |    41 |    68 |    17 ||   126
  Block: Tower shield      |       |    71 |    26 ||    97

Table legend: (Time is in decaauts)
 A = Elapsed time spent in this place.
 B = Non-inter-level travel time spent in this place.
 C = Inter-level travel time spent in this place.
 D = Time resting spent in this place.
 E = Time spent auto-exploring this place.
 F = Levels seen in this place.
 G = Mean time per level.
                   A        B        C        D        E       F      G
               +--------+--------+--------+--------+--------+-----+--------+
         Total |   3102 |   2922 |    180 |      0 |   2303 |   5 |  620.4 |
       Dungeon |   3102 |   2922 |    180 |      0 |   2303 |   5 |  620.4 |
               +--------+--------+--------+--------+--------+-----+--------+

Top non-repeatable levels by time:
     D:4: 1065 daAuts
     D:2: 735 daAuts
     D:1: 659 daAuts
     D:3: 513 daAuts
     D:5: 128 daAuts
